 Dungeon Crawl Stone Soup version 0.19-a0-1049-g462a813 (webtiles) character file.

350 Gagarin the Magician (level 6, -2/46 HPs)
             Began as a Draconian Wizard on July 31, 2016.
             Slain by an ogre
             ... wielding a +0 giant spiked club
              (17 damage)
             ... on level 4 of the Dungeon.
             The game lasted 00:13:49 (3353 turns).

Gagarin the Magician (Draconian Wizard)             Turns: 3353, Time: 00:13:50

Health: -2/46      AC:  8    Str: 10    XL:     6   Next: 33%
Magic:  5/12       EV: 13    Int: 18    God:
Gold:   99         SH:  0    Dex: 11    Spells: 4 memorised, 6 levels left

rFire  . . .     SeeInvis .     u - +0 long sword
rCold  + . .     Gourm    .     (armour unavailable)
rNeg   . . .     Faith    .     (no shield)
rPois  .         Spirit   .     a - +0 hat
rElec  .         Dismiss  .     (no cloak)
rCorr  .         Reflect  .     v - +0 pair of gloves
SustAt .         Harm     .     q - +0 pair of boots
MR     .....                    (no amulet)
Stlth  ++........               y - ring of flight
                                h - ring of protection from cold

@: repel missiles, not resistant to hostile enchantments, unstealthy
A: unfitting armour, cold-blooded, AC +6
a: Evoke Flight


You were on level 4 of the Dungeon.
You were not hungry.

You visited 1 branch of the dungeon, and saw 4 of its levels.

You collected 209 gold pieces.
You spent 110 gold pieces at shops.

Inventory:

Hand Weapons
 u - a +0 long sword (weapon)
Missiles
 e - 37 bolts
 B - 50 arrows
Armour
 a - a +0 hat (worn)
 q - a +0 pair of boots (worn)
 v - a +0 pair of gloves (worn)
Jewellery
 h - a ring of protection from cold (left hand)
 o - an uncursed ring of fire
 y - a ring of flight (right hand)
 z - an uncursed amulet of dismissal {unknown}
Wands
 D - a wand of disintegration (8/24)
Scrolls
 g - 2 scrolls of blinking {unknown}
 i - 3 scrolls of identify
 j - a scroll of immolation {unknown}
 k - 2 scrolls of fear {unknown}
 l - 2 scrolls of recharging
 m - a scroll of random uselessness {unknown}
 n - 2 scrolls of remove curse
 w - 2 scrolls of teleportation {unknown}
 C - a scroll of amnesia {unknown}
Potions
 p - a potion of cancellation {unknown}
 s - 4 potions of invisibility
 t - a potion of agility {unknown}
 x - a potion of heal wounds
 A - 3 potions of curing
 F - a potion of lignification
Books
 b - a book of Minor Magic

   Spells                             Type                      Level
   a - Magic Dart                     Conjuration                  1
   b - Blink                          Translocation                2
   c - Call Imp                       Summoning                    2
   d - Repel Missiles                 Charms/Air                   2
   e - Slow                           Hexes                        2
   f - Conjure Flame                  Conjuration/Fire             3
   g - Mephitic Cloud                 Conjuration/Poison/Air       3
Comestibles
 c - 5 bread rations
 d - a beef jerky
 f - 2 meat rations
 r - 3 fruits
 E - 2 chunks of flesh


   Skills:
 + Level 0.9 Fighting
 + Level 1.3 Long Blades
 + Level 2.9 Dodging
 + Level 2.5 Stealth
 + Level 4.6 Spellcasting
 + Level 2.4 Conjurations
 + Level 0.1 Charms
 + Level 1.9 Summonings
   Level 1.0 Translocations
 + Level 1.1 Air Magic
 + Level 0.6 Poison Magic


You had 6 spell levels left.
You knew the following spells:

 Your Spells              Type           Power        Failure   Level  Hunger
a - Magic Dart            Conj           ##..         6%          1    None
b - Call Imp              Summ           ##......     12%         2    #......
c - Repel Missiles        Chrm/Air       #.....       17%         2    #......
d - Mephitic Cloud        Conj/Pois/Air  #.......     24%         3    ###....


Dungeon Overview and Level Annotations

Branches:
Dungeon (4/15)
 Temple: D:4-7

Altars:

Shops:
D:4 ?


Innate Abilities, Weirdness & Mutations

Your plain brown scales are hard. (AC +6)
Your body does not fit into most forms of armour.
You are cold-blooded and may be slowed by cold attacks.


Message History

The ogre hits you with a giant spiked club!!
Ouch! That really hurt!
* * * LOW HITPOINT WARNING * * *
You feel much better. The ogre completely misses you.
Casting: Magic Dart
Confirm with . or Enter, or press ? or * to list all spells.
Aiming: Magic Dart
Press: ? - help, Shift-Dir - straight line, f - ogre
Aim: an ogre, wielding a giant spiked club (severely wounded)
The magic dart hits the ogre.
The ogre is severely wounded.
Casting: Magic Dart
Confirm with . or Enter, or press ? or * to list all spells.
Aiming: Magic Dart
Press: ? - help, Shift-Dir - straight line, f/p - ogre
Aim: an ogre, wielding a giant spiked club (severely wounded)
The magic dart hits the ogre.
The ogre is almost dead.
The ogre hits you with a giant spiked club!
You die...

##################
#..............<..
#.........[†).....
#........)@O......
#........[.....%..
#.....##+########.
#.....##..... #............
##...........
#####....##)...###############
#........##....#..............
#.........# ...#..............


You could see an ogre.

Vanquished Creatures
  An ogre (D:4)
  An orc priest (D:4)
  6 worker ants (D:4)
  2 adders
  A shadow imp (D:4)
  A worm (D:3)
  2 dart slugs (D:2)
  3 giant geckos
  8 orcs
  2 giant cockroaches
  4 goblins
  A hobgoblin (D:1)
  2 quokkas
  4 bats
  A giant gecko skeleton (D:4)
  4 giant newts
  2 rats
45 creatures vanquished.

Vanquished Creatures (collateral kills)
  An orc wizard (D:3)
  3 adders (D:2)
  2 worms (D:2)
  2 orcs (D:3)
  3 hobgoblins (D:2)
  A jackal (D:2)
  A kobold (D:2)
  A rat (D:2)
14 creatures vanquished.

Grand Total: 59 creatures vanquished

Notes
Turn   | Place    | Note
-------+----------+-------------------------------------------
     0 | D:1      | Gagarin the Draconian Wizard began the quest for the Orb.
     0 | D:1      | Reached XP level 1. HP: 14/14 MP: 4/4
   766 | D:2      | Reached XP level 2. HP: 13/20 MP: 0/6
   829 | D:2      | Learned a level 2 spell: Call Imp
   945 | D:2      | Learned a level 2 spell: Repel Missiles
  1174 | D:2      | Reached XP level 3. HP: 26/26 MP: 1/8
  1806 | D:3      | Reached XP level 4. HP: 33/33 MP: 3/9
  1899 | D:3      | Learned a level 3 spell: Mephitic Cloud
  2603 | D:4      | Found Dod Ocei's Magic Scroll Boutique.
  2609 | D:4      | Bought a scroll of remove curse for 30 gold pieces
  2609 | D:4      | Bought a scroll of identify for 20 gold pieces
  2618 | D:4      | Bought 3 scrolls of identify for 60 gold pieces
  2640 | D:4      | Reached skill level 4 in Spellcasting
  2645 | D:4      | Reached XP level 5. HP: 36/39 MP: 3/11
  2894 | D:4      | Noticed an ogre
  2912 | D:4      | Killed an ogre
  3162 | D:4      | Reached skill level 1 in Long Blades
  3162 | D:4      | Reached skill level 1 in Air Magic
  3162 | D:4      | Reached XP level 6. HP: 44/46 MP: 12/12
  3350 | D:4      | HP: 1/46 [ogre/giant spiked club (29)]
  3353 | D:4      | Slain by an ogre

Vault maps used:
D:1:      tarquinn_simple_flora_water_b
D:3:      first_bread
D:4:      serial_shops, nicolae_shop_crystal

Skill      XL: |  1  2  3  4  5 |
---------------+----------------+-----
Dodging        | 2 |  2.9
Stealth        | 2 |  2.5
Spellcasting   | 4 |  4.6
Conjurations   | 2 |  2.4
Long Blades    | 1 |  1.3
Air Magic      | 1 |  1.1
Fighting       | |  0.9
Charms         | |  0.1
Summonings     | |  1.9
Translocations | |  1.0
Poison Magic   | |  0.6

Action                   |  1- 3 |  4- 6 || total
-------------------------+-------+-------++-------
Melee: Unarmed           |    22 |       ||    22
       Tailslap          |     1 |    10 ||    11
       Long sword        |       |    85 ||    85
 Cast: Magic Dart        |    46 |    37 ||    83
       Call Imp          |    17 |       ||    17
       Repel Missiles    |     1 |       ||     1
       Mephitic Cloud    |       |     8 ||     8
  Use: Potion            |     1 |     1 ||     2
       Scroll            |       |     5 ||     5
 Stab: Confused          |       |     1 ||     1
       Sleeping          |       |     1 ||     1
  Eat: Chunk             |     3 |     6 ||     9
Armor: Skin              |    13 |    18 ||    31
Dodge: Dodged            |    25 |    39 ||    64
